 Dungeon Crawl Stone Soup version 0.20.1-1-g8b1a95d (webtiles) character file.

1435 Irenicus the Martial Artist (level 8, -11/52 HPs)
             Began as an Octopode Chaos Knight on Oct 8, 2017.
             Mangled by a harpy (12 damage)
             ... on level 6 of the Dungeon.
             The game lasted 00:15:32 (4693 turns).

Irenicus the Martial Artist (Octopode Chaos Knight) Turns: 4693, Time: 00:15:33

Health: -11/52     AC:  1    Str: 11    XL:     8   Next: 73%
Magic:  7/8        EV: 17    Int: 14    God:    Xom [.....*]
Gold:   262        SH:  0    Dex: 14    Spells: 6/7 levels left

rFire    . . .     SeeInvis .     - Unarmed
rCold    . . .     Gourm    .   (no shield)
rNeg     . . .     Faith    .   (helmet restricted)
rPois    .         Spirit   .   (no amulet)
rElec    .         Reflect  .   u - +3 ring of evasion
rCorr    .         Harm     .   (no ring)
MR       +....                  (no ring)
Stlth    ++........             (no ring)
Regen    0.2/turn               (no ring)
MPRegen  0.2/turn               (no ring)
                                (no ring)
                                (no ring)

@: confusing touch
A: almost no armour, stealthy swim, amphibious, 8 rings, constrict 8, camouflage
1, blurry vision 1, magic resistance 1, wild magic 2, gelatinous body 1
a: Renounce Religion


You were on level 6 of the Dungeon.
You worshipped Xom.
You were Xom's teddy bear.
You were not hungry.

You visited 1 branch of the dungeon, and saw 6 of its levels.

You collected 262 gold pieces.

Inventory:

Jewellery
 i - an uncursed ring of fire
 u - a +3 ring of evasion (left tentacle)
Wands
 y - a wand of polymorph (15/24)
 E - a wand of confusion (25/48)
Scrolls
 b - 7 scrolls of identify {unknown}
 c - a scroll of amnesia {unknown}
 d - a scroll of fear {unknown}
 e - 3 scrolls of teleportation {unknown}
 l - 3 scrolls of blinking {unknown}
 m - a scroll of immolation {unknown}
 n - 2 scrolls of noise {unknown}
 o - a scroll of magic mapping {unknown}
 r - a scroll of remove curse {unknown}
 w - a scroll of recharging {unknown}
 x - a scroll of silence {unknown}
 B - a scroll of enchant weapon {unknown}
Potions
 h - 3 potions of lignification
 j - 2 potions of degeneration {unknown}
 k - 3 potions of brilliance {unknown}
 p - a potion of might {unknown}
 q - 2 potions of heal wounds
 s - a potion of flight {unknown}
 z - a potion of haste {unknown}
 A - a potion of berserk rage {unknown}
Books
 g - a book of Misfortune

   Spells                             Type                      Level
   a - Confusing Touch                Hexes                        1
   b - Confuse                        Hexes                        3
   c - Gell's Gravitas                Translocation                3
   d - Petrify                        Transmutation/Earth          4
   e - Metabolic Englaciation         Hexes/Ice                    5
   f - Yara's Violent Unravelling     Hexes/Transmutation          5
Miscellaneous
 C - a fan of gales
Comestibles
 a - 6 bread rations
 f - 5 royal jellies
 t - 2 meat rations
 v - 5 fruits
 D - 4 chunks of flesh


   Skills:
 - Level 3.0 Fighting
 - Level 2.3 Dodging
 + Level 9.9 Unarmed Combat
 + Level 4.3 Hexes


You had 6 spell levels left.
You knew the following spells:

 Your Spells              Type           Power        Failure   Level  Hunger
a - Confusing Touch       Hex            ###...       12%         1    ##.....


Dungeon Overview and Level Annotations

Branches:
Dungeon (6/15)             Temple (0/1) D:4

Altars:
Nemelex Xobeh
Okawaru
Vehumet
Xom

Shops:
D:5 }

Annotations:
D:4 exclusions: oklob sapling and statue, Stelteck's ghost, amateur GrEE


Innate Abilities, Weirdness & Mutations

You cannot wear most types of armour.
You are very stealthy in the water. (Stealth+)
You are amphibious.
You can wear up to eight rings at the same time.
You can use your tentacles to constrict eight enemies at once.
Your skin changes colour to match your surroundings (Stealth+).
Your rubbery body absorbs attacks. (AC +1, EV +1)
Scrolls take you a little longer to read.
You are resistant to hostile enchantments. (MR+)
Your spells are harder to cast, but more powerful.


Message History

You feel aware of your surroundings. The troll bites you!
The troll barely misses you. The troll misses you.
You tentacle-slap the troll but do no damage.
The troll appears confused. "Hum-dee-hum-dee-hum..."
The troll evaporates and reforms as a harpy!
The harpy misses you. x2
The harpy claws you! The harpy misses you.
Casting: Confusing Touch
Confirm with . or Enter, or press ? or * to list all spells.
Your tentacles begin to glow red.
The harpy claws you!
* * * LOW HITPOINT WARNING * * *
A shower of butterflies erupts from you!
The harpy claws you.
* * * LOW HITPOINT WARNING * * *
You swap places.
The harpy barely misses your butterfly.
The harpy completely misses your butterfly.
The harpy claws you!
You die...
Xom bursts into laughter!

#.# #.#.###########.# # #.#
################# #.# #
#.####≈≈≈≈≈.).##.....# #.# #
#..##.########≈#####.# #.# #
#.##†##≈≈≈P.,##≈# #.# #.# #
##.##.#≈≈%P..,,#b# #.#####.#####
...##.#;..P..,,#.####............
.#.##.#;≈.≈..,+#b#...............
.#.##≈##≈(:P.,#.@###..........###
####≈##########H## #.#####.#.##
#≈##≈≈...,*#≈≈# #.# #.#.#
###≈#≈≈≈≈P.,,#≈#####.### #.#.#
..#.#;[)≈..,,#.#.......###.#.#
#.#.#;;.PP.,+#.#......>......#
#.#'##≈?%..,*..#####...#######
#....########.######...#
#.#.####....###........#


You could see a harpy.

Vanquished Creatures
  A water moccasin (D:6)
  3 orc warriors (D:6)
  Duvessa (D:4)
  A sky beast (D:6)
  3 ogres
  Dowan (D:4)
  A scorpion (D:6)
  A water moccasin skeleton (D:6)
  A howler monkey (D:6)
  2 crimson imps
  A bullfrog zombie (D:5)
  A bullfrog skeleton (D:5)
  4 iguanas
  3 worker ants
  A worker ant zombie (D:6)
  7 adders
  2 gnolls (D:5)
  An ooze (D:6)
  A worm (D:5)
  2 dart slugs
  3 leopard geckos
  17 orcs
  9 bats
  5 giant cockroaches
  13 goblins
  5 hobgoblins
  4 jackals (D:1)
  A quokka (D:2)
  2 ball pythons
  2 frilled lizards
  A jackal skeleton (D:6)
  A jackal zombie (D:6)
  9 kobolds
  A leopard gecko skeleton (D:6)
  4 rats
115 creatures vanquished.

Vanquished Creatures (others)
  A bat (D:3)
1 creature vanquished.

Grand Total: 116 creatures vanquished

Notes
Turn   | Place    | Note
-------+----------+-------------------------------------------
     0 | D:1      | Irenicus the Octopode Chaos Knight began the quest for the Orb.
     0 | D:1      | Reached XP level 1. HP: 16/16 MP: 1/1
    73 | D:1      | Reached XP level 2. HP: 8/21 MP: 2/2
   406 | D:1      | Reached skill level 4 in Unarmed Combat
   444 | D:1      | Reached XP level 3. HP: 26/26 MP: 3/3
   964 | D:1      | XOM: cloud trail
  1102 | D:2      | Learned a level 1 spell: Confusing Touch
  1110 | D:2      | XOM: harmless Necr miscast
  1268 | D:2      | XOM is BORED!
  1268 | D:2      | XOM: harmless Tloc miscast
  1458 | D:2      | XOM: harmless Pois miscast
  1585 | D:2      | Reached XP level 4. HP: 28/31 MP: 2/4
  1664 | D:3      | Reached skill level 5 in Unarmed Combat
  1680 | D:3      | XOM: harmless Air miscast
  1798 | D:3      | Reached skill level 1 in Hexes
  2047 | D:3      | Reached XP level 5. HP: 25/36 MP: 3/5
  2102 | D:3      | XOM: harmless Hex miscast
  2276 | D:3      | XOM: mild Tmut miscast
  2326 | D:3      | XOM: noise
  2387 | D:3      | XOM: medium Pois miscast
  2461 | D:3      | XOM: harmless Conj miscast
  2526 | D:4      | Noticed Duvessa
  2526 | D:4      | Noticed Dowan
  2534 | D:4      | XOM: swap monsters
  2535 | D:4      | XOM: destruction
  2572 | D:4      | Killed Dowan
  2577 | D:4      | Killed Duvessa
  2577 | D:4      | Reached skill level 6 in Unarmed Combat
  2577 | D:4      | Reached XP level 6. HP: 42/42 MP: 3/6
  2687 | D:4      | Found an iron altar of Okawaru.
  2687 | D:4      | Found a sparkling altar of Nemelex Xobeh.
  2766 | D:4      | XOM: confusion (+ monsters)
  2923 | D:4      | Reached XP level 7. HP: 39/46 MP: 7/7
  2930 | D:4      | Found a radiant altar of Vehumet.
  2978 | D:4      | Noticed Stelteck's ghost (amateur GrEE)
  2980 | D:4      | Found a staircase to the Ecumenical Temple.
  3031 | D:5      | Entered Level 5 of the Dungeon
  3098 | D:5      | Reached skill level 7 in Unarmed Combat
  3099 | D:5      | Found a shimmering altar of Xom.
  3200 | D:5      | Found Ivathrul's Gadget Boutique.
  3338 | D:5      | XOM: 4-stop teleportation journey
  3504 | D:5      | XOM: silly message
  3584 | D:6      | Reached skill level 8 in Unarmed Combat
  3592 | D:6      | XOM: blink monster(s)
  3600 | D:6      | Gained mutation: Scrolls take you a little longer to read. [mutagenic meat]
  3601 | D:6      | Gained mutation: Your spells are a little harder to cast, but a little more powerful. [mutagenic meat]
  3602 | D:6      | Gained mutation: Your spells are harder to cast, but more powerful. [mutagenic meat]
  3603 | D:6      | Gained mutation: You are resistant to hostile enchantments. (MR+) [mutagenic meat]
  3613 | D:6      | XOM: divination: detect items
  3876 | D:6      | Reached XP level 8. HP: 45/52 MP: 8/8
  3985 | D:6      | XOM: god gift: fan of gales
  4162 | D:6      | XOM: cleaving
  4283 | D:6      | XOM: scenery: create altars
  4358 | D:6      | Reached skill level 9 in Unarmed Combat
  4378 | D:6      | XOM: fog
  4412 | D:6      | XOM: scenery: create altars
  4680 | D:6      | Noticed a troll
  4687 | D:6      | XOM: divination: magic mapping
  4690 | D:6      | Noticed a harpy
  4690 | D:6      | a troll changed into a harpy
  4690 | D:6      | XOM: polymorph troll -> harpy
  4692 | D:6      | XOM: butterfly on damage
  4692 | D:6      | HP: 1/52 [harpy (3)]
  4693 | D:6      | Mangled by a harpy

Skill      XL: |  1  2  3  4  5  6  7  8 |
---------------+-------------------------+-----
Unarmed Combat | 4 5 6 8 9 |  9.9
Hexes          | 2 3 4 |  4.3
Fighting       | |  3.0
Dodging        | |  2.3

Action                   |  1- 3 |  4- 6 |  7- 9 || total
-------------------------+-------+-------+-------++-------
Melee: Unarmed           |    87 |   128 |   150 ||   365
       Constrict         |    24 |    34 |    31 ||    89
       Tentacles         |     9 |    22 |    30 ||    61
       Punch             |     1 |     7 |    13 ||    21
 Cast: Confusing Touch   |     3 |    29 |    23 ||    55
  Use: Potion            |       |     3 |       ||     3
 Stab: Sleeping          |     9 |     5 |     3 ||    17
       Confused          |       |     5 |    15 ||    20
  Eat: Chunk             |     1 |     7 |    11 ||    19
Armor: Skin              |     5 |    27 |     1 ||    33
Dodge: Dodged            |    58 |    56 |    63 ||   177
